 Dungeon Crawl Stone Soup version 0.19-a0-1111-gcceb26a (webtiles) character file.

317 Leszczynek the Insei (level 6, -1/47 HPs)
             Began as a Mummy Monk on Aug 10, 2016.
             Slain by an orc wizard
             ... wielding a +0 dagger
              (2 damage)
             ... on level 4 of the Dungeon.
             The game lasted 00:31:17 (6592 turns).

Leszczynek the Insei (Mummy Monk)                   Turns: 6592, Time: 00:31:18

Health: -1/47      AC:  4    Str: 14    XL:     6   Next: 20%
Magic:  6/6        EV: 12    Int:  9    God:
Gold:   169        SH:  0    Dex: 17    Spells: 0 memorised, 5 levels left

rFire  x . .     SeeInvis .       - Unarmed
rCold  + . .     Gourm    .     (no armour)
rNeg   + + +     Faith    .     j - +2 buckler
rPois  ∞         Spirit   .     (no helmet)
rElec  .         Dismiss  .     e - +0 cloak
rCorr  .         Reflect  .     (no gloves)
SustAt .         Harm     .     f - +2 pair of boots
MR     .....                    (no amulet)
Stlth  +.........               (no ring)
                                (no ring)

@: confused
A: no food or potions, fire vulnerability, cold resistance 1, negative energy
resistance 3, torment resistance, unbreathing
a: no special abilities


You were on level 4 of the Dungeon.
You were not hungry.

You visited 1 branch of the dungeon, and saw 5 of its levels.

You collected 169 gold pieces.

Inventory:

Armour
 e - a +0 cloak (worn)
 f - a +2 pair of boots (worn)
 j - a +2 buckler (worn)
Scrolls
 a - a scroll of magic mapping
 b - 5 scrolls of remove curse
 g - a scroll of identify
 i - a scroll of fog {unknown}
Comestibles
 c - 2 meat rations (quivered)


   Skills:
 - Level 3.0 Fighting
 - Level 2.4 Dodging
 - Level 1.5 Stealth
 + Level 1.3 Shields
 * Level 5.5 Unarmed Combat


You had 5 spell levels left.
You didn't know any spells.

Dungeon Overview and Level Annotations

Branches:
Dungeon (5/15)
 Temple: D:4-7

Altars:
Fedhas
Okawaru
Trog
Uskayaw
Vehumet
Zin

Annotations:
D:2 exclusion: goblin, Jessica
D:3 orc priest, gnolls (halberd, fr spear), p0werm0de's ghost, amateur DsCK
D:4 exclusions: iguana, ogre and 2 orc wizards
D:5 Pikel


Innate Abilities, Weirdness & Mutations

You do not eat or drink.
Your flesh is vulnerable to fire.
You are immune to poison.
Your flesh is cold resistant. (rC+)
You are immune to negative energy. (rN+++)
You are immune to unholy pain and torment.
You can survive without breathing.


Message History

The orc wizard is severely wounded.
The orc wizard hits you with a dagger.
* * * LOW HITPOINT WARNING * * *
You barely miss the orc wizard.
The orc wizard is severely wounded.
The orc wizard mumbles some strange words.
The orc wizard flickers and vanishes!
You closely miss something. Something hits you.
* * * LOW HITPOINT WARNING * * *
You barely miss something. Something hits you.
* * * LOW HITPOINT WARNING * * *
You closely miss something.
You hear some strange, mumbled words.
You are confused.
You miss something.
You bump into the rock wall.
Something hits you but does no damage. Something hits you.
* * * LOW HITPOINT WARNING * * *
Something hits you.
You die...

#.##.# #.##.# ####
#.##.# #... #..#.#
#... ##.#.# #...
#.#.#############...
#.%..#..........#...
###..#..........#...
#@.#..........#...
#{..?......o......
#.##########'####.
##÷###### #.####.
#......!# #....).
#.......# #######
#.......###########
#..................
##.......###########


There were no monsters in sight!

Vanquished Creatures
  A howler monkey (D:5)
  2 giant frog skeletons
  An orc wizard (D:4)
  An orc priest (D:2)
  A howler monkey zombie (D:5)
  5 adders
  An ooze (D:1)
  A worm (D:4)
  3 dart slugs
  3 giant geckos
  10 orcs
  2 ball pythons
  5 bats
  9 giant cockroaches
  9 goblins
  7 hobgoblins
  3 jackals
  2 quokkas
  3 giant newts
  A jackal skeleton (D:4)
  10 kobolds
  9 rats
89 creatures vanquished.

Notes
Turn   | Place    | Note
-------+----------+-------------------------------------------
     0 | D:1      | Leszczynek the Mummy Monk began the quest for the Orb.
     0 | D:1      | Reached XP level 1. HP: 18/18 MP: 1/1
   856 | D:1      | HP: 1/18 [giant gecko (2)]
   857 | D:1      | Reached XP level 2. HP: 1/24 MP: 2/2
  1117 | D:1      | Reached skill level 3 in Unarmed Combat
  1714 | D:1      | Reached XP level 3. HP: 27/29 MP: 3/3
  2176 | D:2      | Found a radiant altar of Vehumet.
  2768 | D:2      | Found an iron altar of Okawaru.
  2783 | D:2      | Noticed Jessica
  3430 | D:2      | Reached skill level 4 in Unarmed Combat
  3430 | D:2      | Reached XP level 4. HP: 30/35 MP: 4/4
  3893 | D:3      | are you shitting me
  4302 | D:3      | Noticed p0werm0de's ghost (amateur DsCK)
  4303 | D:3      | shit
  4367 | D:3      | Reached XP level 5. HP: 29/41 MP: 5/5
  4687 | D:2      | Reached skill level 5 in Unarmed Combat
  4856 | D:3      | Found a glowing silver altar of Zin.
  4856 | D:3      | Found a hide-covered altar of Uskayaw.
  4857 | D:3      | Found a blossoming altar of Fedhas.
  5323 | D:3      | fucking chain mail
  5825 | D:4      | i hate shit like this
  5890 | D:5      | Entered Level 5 of the Dungeon
  5936 | D:5      | Reached skill level 1 in Shields
  5985 | D:5      | Found a bloodstained altar of Trog.
  6004 | D:5      | Noticed a slave
  6004 | D:5      | plz
  6047 | D:5      | Noticed Pikel
  6302 | D:4      | wow, i can kill worms now
  6416 | D:4      | Noticed an ogre
  6417 | D:4      | i don't think i can kill these guys yet :^)
  6498 | D:4      | three? come on
  6514 | D:4      | Reached XP level 6. HP: 35/47 MP: 6/6
  6586 | D:4      | HP: 3/47 [something (3)]
  6591 | D:4      | HP: 1/47 [something (2)]
  6592 | D:4      | Slain by an orc wizard

Vault maps used:
D:1:      mushboom_english_gardens, minmay_tetromino_i4
D:2:      wad_river_or_something, lemuel_round_altar, okawaru_trees_2,
          uniq_jessica
D:3:      gammafunk_temple_overflow_forgotten, minmay_misc_feat_more_columns,
          kennysheep_generic_room_4
D:4:      first_bread
D:5:      bloody_trog, uniq_pikel

Skill      XL: |  1  2  3  4  5 |
---------------+----------------+-----
Unarmed Combat | 3 4 5 |  5.5
Shields        | 1 |  1.3
Fighting       | |  3.0
Dodging        | |  2.4
Stealth        | |  1.5

Action                   |  1- 3 |  4- 6 || total
-------------------------+-------+-------++-------
Melee: Unarmed           |   172 |   209 ||   381
       Punch             |     3 |       ||     3
  Use: Scroll            |     3 |     8 ||    11
 Stab: Sleeping          |     6 |     1 ||     7
       Distracted        |       |     2 ||     2
Armor: Skin              |    13 |    30 ||    43
Dodge: Dodged            |   104 |   100 ||   204
Block: Buckler           |       |    20 ||    20
